 Dungeon Crawl Stone Soup version 0.29.1-2-gbd0b4ee654 (webtiles) character file.

Game seed: 12715343490477744484

207 shoresy the Chopper (level 5, -2/47 HPs)
             Began as a Minotaur Fighter on Nov 1, 2022.
             Was an Initiate of Trog.
             Killed from afar by an orc wizard (10 damage)
             ... with a magic dart
             ... on level 3 of the Dungeon.
             The game lasted 00:12:38 (1626 turns).

shoresy the Chopper (Minotaur Fighter)              Turns: 1626, Time: 00:12:40

Health: -2/47      AC: 12    Str: 23    XL:     5   Next: 54%
Magic:  4/4        EV:  6    Int:  5    God:    Trog [......]
Gold:   144        SH:  4    Dex:  9    Spells: 4/4 levels left

rFire   . . .      SeeInvis .   a - +0 war axe
rCold   . . .      Faith    .   c - +0 buckler
rNeg    . . .      Spirit   .   j - +0 plate armour
rPois   .          Reflect  .   (helmet restricted)
rElec   .          Harm     .   (no cloak)
rCorr   .          Rampage  .   (no gloves)
Will    .....                   (no boots)
Stlth   ..........              (no amulet)
HPRegen 0.15/turn               (no ring)
MPRegen 0.09/turn               (no ring)

@: no status effects
A: horns 2, retaliatory headbutt
a: Renounce Religion


You were on level 3 of the Dungeon.
You worshipped Trog.
Trog was noncommittal.
You visited 1 branch of the dungeon, and saw 4 of its levels.

You collected 144 gold pieces.

Inventory:

Hand Weapons
 a - a +0 war axe (weapon)
Missiles
 r - 3 stones (quivered)
Armour
 b - a +0 scale mail
 c - a +0 buckler (worn)
 j - a +0 plate armour (worn)
Magical Staves
 m - a staff of conjuration
Scrolls
 f - 2 scrolls of magic mapping {unknown}
 i - a scroll of vulnerability {unknown}
 n - 5 scrolls of identify
Potions
 d - a potion of might
 e - 2 potions of curing
 g - a potion of ambrosia {unknown}
 h - a potion of heal wounds {unknown}
 k - a potion of degeneration {unknown}
 l - a potion of brilliance {unknown}
 o - a potion of mutation {unknown}
 p - a potion of magic {unknown}
 q - a potion of attraction {unknown}


   Skills:
 + Level 4.7 Fighting
 * Level 4.8 Axes
 + Level 4.7 Armour
 + Level 4.7 Shields


You had 4 spell levels left.
You didn't know any spells.
Your spell library contained the following spells:

 Spells                   Type           Power      Damage    Failure   Level
 Scorch                   Fire           0%         2d5       100%        2
 Flame Wave               Conj/Fire      0%         2d4       100%        4
 Summon Cactus Giant      Summ           0%         N/A       100%        6


Dungeon Overview and Level Annotations

Branches:
Dungeon (4/15)
 Temple: D:4-7

Altars:
Gozag
Nemelex Xobeh
Trog


Innate Abilities, Weirdness & Mutations

You have a pair of horns on your head.
You reflexively headbutt those who attack you in melee.


Message History

You closely miss the orc wizard.
The orc wizard hits you with a +0 dagger.
* * * LOW HITPOINT WARNING * * *
You block the orc priest's attack.
You slash the orc priest!
The orc priest is severely wounded.
You hit the orc wizard.
You kill the orc wizard!
Trog accepts your kill.
Trog appreciates your killing of a magic user.
Wisps of shadow swirl around something.
The orc priest closely misses you.
You barely miss the orc priest. You headbutt the orc priest.
The orc priest is almost dead.
You hit the ball python but do no damage.
The orc priest looks braver for a moment.
The ball python bites you but does no damage.
The ball python closely misses you. You block the orc priest's attack.
You closely miss the orc priest. Your headbutt misses the orc priest.
The orc priest is almost dead.
You slash the ball python!
You kill the ball python!
The ball python's corpse dissolves into shadows!
The bat hits you but does no damage. The orc priest hits you with a +0 mace.
* * * LOW HITPOINT WARNING * * *
The orc unwields a +0 mace.
The orc wields a +0 sling.
The orc shoots a sling bullet.
You hear a shout!
You slash the orc priest!
You kill the orc priest!
Trog accepts your kill.
You miss something. Something hits you but does no damage.
The orc shoots a sling bullet.
You block the sling bullet.
You see here a +0 mace.
You miss something. Something hits you but does no damage.
The orc shoots a sling bullet.
The sling bullet hits you.
* * * LOW HITPOINT WARNING * * *
You hear some strange, mumbled words.
A magic dart appears from out of thin air!
The magic dart hits you!
You die...

..# #.######. ##.#
#.###.... ..# #..##.##.
# #.# ##...#.##.
#.##.##.#######......##.
#............oo.........
#.##.##.#########.######
#.##.# #.# #..#@# #o#
#.###.#{# #'# #.....)b#
.o. #####.### ... #o ...
.. ## ._. +. #... ##
##..


You could see an orc and a bat (summoned).

Vanquished Creatures
  A scorpion (D:3)
  An orc priest (D:3)
  An orc wizard (D:3)
  2 adders
  A worm (D:2)
  A dart slug (D:1)
  7 orcs (D:3)
  6 endoplasms
  5 giant cockroaches
  4 goblins
  3 hobgoblins (D:1)
  3 quokkas
  12 ball pythons
  3 bats (D:1)
  A frilled lizard (D:2)
  4 kobolds
  3 rats
58 creatures vanquished.

Vanquished Creatures (others)
  3 fungi (D:1)
  9 plants (D:1)
12 creatures vanquished.

Grand Total: 70 creatures vanquished

Notes
Turn   | Place    | Note
-------+----------+-------------------------------------------
     0 | D:1      | shoresy the Minotaur Fighter began the quest for the Orb.
     0 | D:1      | Reached XP level 1. HP: 19/19 MP: 0/0
   152 | D:1      | Reached XP level 2. HP: 27/27 MP: 1/1
   555 | D:1      | Reached XP level 3. HP: 27/33 MP: 2/2
   836 | D:1      | Found a faded altar of an unknown god.
  1015 | D:3      | Found a sparkling altar of Nemelex Xobeh.
  1155 | D:3      | Noticed a scorpion
  1160 | D:3      | Killed a scorpion
  1161 | D:3      | Reached XP level 4. HP: 38/41 MP: 3/3
  1219 | D:3      | Found a bloodstained altar of Trog.
  1279 | D:3      | Became a worshipper of Trog the Wrathful
  1356 | D:3      | Reached XP level 5. HP: 46/47 MP: 4/4
  1605 | D:3      | Found an opulent altar of Gozag.
  1626 | D:3      | Killed from afar by an orc wizard

Illustrated notes

Levels and vault maps discovered:
D:1:      dpeg_arrival_lava_altar, layout_loops_ring,
          shapermc_ecumenical_altar_mp_ritualfount
D:2:      layout_basic, minmay_tromino_v4_b, uniq_jessica
D:3:      layout_loops_corners, mainiacjoe_overflow_alcove_1,
          amcnicky_altar_gilded, nicolae_gozag_seed_capital,
          mainiacjoe_overflow_tiny_flanked, st_stairs_2, uniq_robin
D:4:      minmay_clustersquares, layout_cave_pools, st_stairs_10

Skill      XL: |  1  2  3 |
---------------+----------+-----
Axes           | 3 4 |  4.8
Fighting       | 4 |  4.7
Shields        | 4 |  4.7
Armour         | 4 |  4.7

Action                   |  1- 3 |  4- 6 || total
-------------------------+-------+-------++-------
Melee: War axe           |   108 |    44 ||   152
       Headbutt          |    21 |     5 ||    26
  Use: Scroll            |       |     1 ||     1
       Potion            |       |     1 ||     1
Armor: Scale mail        |     7 |       ||     7
       Plate armour      |    32 |    43 ||    75
Dodge: Dodged            |    26 |    25 ||    51
Block: Buckler           |    18 |    16 ||    34
